AoeStats
← 海霸天

Black Forest

509882612Analyzed
3v3 RM · 5d ago on Sep 28, 2026· 17m 3s· 6 players
Game mode
Random Map
Map size
Normal (6 player)
Population
200
Speed
Normal
Resources
Standard
Victory
Conquest
Starting age
Dark Age
Ending age
Imperial Age
RankedLock teamsTeams togetherTeam positionsShared explorationLock speedFull tech treeHidden civsTurbo modeCheats
Victory
Defeat
649
+13
🇹🇼 Burmese · Taiwan
636
+13
🇨🇳 Cumans · China
630
+13
🇮🇹 Varangians · Italy
625
-15
🇵🇱 Chinese · Poland
553
-21
🇨🇳 Chinese · China
540
-12
1213350746
14:17 Feudal Age
14:43 Double-Bit Axe
15:52 Horse Collar
汉东省太想进步厅长
1:03 Loom
13:08 Feudal Age
13:19 Man-at-Arms
13:56 Arson
14:42 Horse Collar
14:51 Double-Bit Axe
海霸天
0:53 Loom
13:34 Feudal Age
17:07 Forging
16:58 Scale Mail Armor
16:52 Man-at-Arms
ninagwiazda
1:05 Loom
12:49 Feudal Age
14:38 Town Watch
ildemo
0:30 Loom
征服者
0:42 Loom
Connection lost

Rejoining the realm…

Still unreachable

The connection could not be restored.

Session expired

The server has moved on; the page needs a fresh start.